 Dungeon Crawl Stone Soup version 0.19.1-1-g22dce08 (webtiles) character file.

39 flinch the Poker (level 3, -2/31 HPs)
             Began as a Draconian Chaos Knight on Dec 29, 2016.
             Slain by a gnoll
             ... wielding a +0 halberd
              (5 damage)
             ... on level 2 of the Dungeon.
             The game lasted 00:02:15 (1184 turns).

flinch the Poker (Draconian Chaos Knight)           Turns: 1184, Time: 00:02:15

Health: -2/31      AC:  7    Str: 14    XL:     3   Next: 26%
Magic:  3/3        EV: 12    Int: 12    God:    Xom [..*...]
Gold:   58         SH:  0    Dex: 14    Spells: 0 memorised, 2 levels left

rFire  . . .     SeeInvis .     a - +0 spear (chaos)
rCold  . . .     Gourm    .     (armour unavailable)
rNeg   . . .     Faith    .     (no shield)
rPois  .         Spirit   .     (helmet restricted)
rElec  .         Reflect  .     c - +1 cloak {+Inv}
rCorr  .         Harm     .     (no gloves)
MR     .....                    (no boots)
Stlth  +.........               (no amulet)
                                (no ring)
                                e - +3 ring of dexterity

@: no status effects
A: unfitting armour, cold-blooded, AC +5
a: Renounce Religion, Evoke Invisibility


You were on level 2 of the Dungeon.
You worshipped Xom.
You were a toy of Xom.
You were not hungry.

You visited 1 branch of the dungeon, and saw 3 of its levels.

You collected 58 gold pieces.

Inventory:

Hand Weapons
 a - a +0 spear of chaos (weapon)
Armour
 c - a +1 cloak of invisibility (worn)
Jewellery
 e - a +3 ring of dexterity (left hand)
Scrolls
 d - 2 scrolls of identify
 g - a scroll of amnesia
Potions
 i - a potion of curing
Comestibles
 b - 3 bread rations
 f - a meat ration


   Skills:
 - Level 3.2 Fighting
 + Level 4.4 Polearms
 - Level 2.1 Dodging


You had 2 spell levels left.
You didn't know any spells.

Dungeon Overview and Level Annotations

Branches:
Dungeon (3/15)

Altars:
Cheibriados


Innate Abilities, Weirdness & Mutations

Your plain brown scales are hard. (AC +5)
You cannot fit into any form of body armour.
You are cold-blooded and may be slowed by cold attacks.


Message History

You reach to attack!
You hit the gnoll but do no damage.
The gnoll seems to speed up.
Xom thinks this is hilarious!
The gnoll is heavily wounded.
The gnoll hits you from afar with a halberd.
Attack whom?
Press: ? - help, Dir - move target cursor, f/p - gnoll
Aim: a gnoll, wielding a halberd (heavily wounded, fast)
You reach to attack!
You barely miss the gnoll.
The gnoll is heavily wounded.
The gnoll hits you from afar with a halberd.
Attack whom?
Press: ? - help, Dir - move target cursor, f/p - gnoll
Aim: a gnoll, wielding a halberd (heavily wounded, fast)
You reach to attack!
You barely miss the gnoll.
The gnoll is heavily wounded.
The gnoll hits you from afar with a halberd!
* * * LOW HITPOINT WARNING * * *
The gnoll hits you from afar with a halberd.
You die...

######.#####################
............................#
#########.#################.##
#########.# ########### #..#
..#.....#.###.........######.####
........g........................
#.#.....#.###.##...##.#######.###
#.#.....#.# #.g'...##.##### #.##.
#.#.....#.######@..##.....# #.##.
#.#######.......)..######.# #....
.. ########...# #.###..## ##
##.†.## #......## #.....#
#####..## #.###.####### ##.## ..
#†#<#.#.....# #.##
...#.#.#.#.###.# #.##
.....#...#.# #.# #..#


You could see a gnoll.

Vanquished Creatures
  2 dart slugs
  A leopard gecko (D:2)
  A ball python (D:2)
  2 bats (D:1)
  3 giant cockroaches
  5 goblins
  5 hobgoblins
  2 jackals (D:2)
  A kobold (D:2)
  A quokka (D:2)
  3 frilled lizards (D:1)
  3 rats
29 creatures vanquished.

Notes
Turn   | Place    | Note
-------+----------+-------------------------------------------
     0 | D:1      | flinch the Draconian Chaos Knight began the quest for the Orb.
     0 | D:1      | Reached XP level 1. HP: 19/19 MP: 1/1
     2 | D:1      | XOM: divination: detect items
   207 | D:1      | Reached XP level 2. HP: 26/26 MP: 2/2
   329 | D:1      | XOM: harmless Erth miscast
   667 | D:1      | Reached skill level 4 in Polearms
   927 | D:2      | Reached XP level 3. HP: 27/31 MP: 3/3
   936 | D:2      | Found a snail-covered altar of Cheibriados.
  1184 | D:2      | Slain by a gnoll

Skill      XL: |  1  2 |
---------------+-------+-----
Polearms       | 4 |  4.4
Fighting       | |  3.2
Dodging        | |  2.1

Action                   || total
-------------------------++-------
Melee: Spear             ||    96
       Tailslap          ||     3
  Use: Scroll            ||     6
       Potion            ||     2
 Stab: Petrifying        ||     1
       Sleeping          ||     1
  Eat: Fruit             ||     2
Armor: Skin              ||    60
Dodge: Dodged            ||    28
